 Dungeon Crawl Stone Soup version 0.29.1-15-g9cfb28693d (webtiles) character file.

Game seed: 6788201910135461838

4438 Sharkman1231 the Stinger (level 10, -13/69 HPs)
             Began as a Purple Draconian Venom Mage on Apr 16, 2023.
             Was a Believer of Vehumet.
             Mangled by a two-headed ogre
             ... wielding a +0 giant club
              (21 damage)
             ... on level 8 of the Dungeon.
             The game lasted 00:12:16 (11154 turns).

Sharkman1231 the Stinger (DrVM)                    Turns: 11154, Time: 00:12:17

Health: -13/69     AC: 12    Str: 11    XL:     10   Next: 14%
Magic:  13/13      EV: 13    Int: 22    God:    Vehumet [**....]
Gold:   465        SH:  0    Dex: 15    Spells: 7/13 levels left

rFire   . . .      SeeInvis .   a - +3 dagger (venom)
rCold   . . .      Faith    .   (no shield)
rNeg    . . .      Spirit   .   (body armour unavailable)
rPois   .          Reflect  .   (helmet restricted)
rElec   .          Harm     .   (no cloak)
rCorr   .          Rampage  .   (no gloves)
Will    +....                   i - +0 pair of boots
Stlth   +.........              (no amulet)
HPRegen 0.21/turn               l - +4 ring of protection
MPRegen 0.13/turn               o - +6 ring of intelligence

@: silenced
A: breathe power, AC +7, unfitting armour, cold-blooded
a: Breathe Dispelling Energy, Renounce Religion


You were on level 8 of the Dungeon.
You worshipped Vehumet.
Vehumet was pleased with you.
You visited 2 branches of the dungeon, and saw 9 of its levels.

You collected 589 gold pieces.
You spent 124 gold pieces at shops.

Inventory:

Hand Weapons
 a - a +3 dagger of venom (weapon)
Armour
 i - a +0 pair of boots (worn)
Jewellery
 l - a +4 ring of protection (left hand)
 o - a +6 ring of intelligence (right hand)
 p - a ring of positive energy
Wands
 e - a wand of charming (5)
 u - a wand of flame (12)
Scrolls
 b - 5 scrolls of teleportation {unknown}
 c - a scroll of enchant armour
 g - 2 scrolls of enchant weapon
 h - 2 scrolls of vulnerability
 k - a scroll of torment
 m - 3 scrolls of fog
 q - a scroll of silence
 r - a scroll of magic mapping
 s - a scroll of fear
 w - a scroll of amnesia {unknown}
 y - a scroll of noise
 z - a scroll of identify
Potions
 d - 6 potions of curing
 f - 3 potions of attraction
 j - a potion of magic
 n - 2 potions of flight
 t - a potion of invisibility
 v - a potion of might
 x - a potion of ambrosia


   Skills:
 + Level 2.7 Dodging
 - Level 1.7 Stealth
 + Level 1.0 Unarmed Combat
 - Level 2.4 Spellcasting
 + Level 5.7 Conjurations
 * Level 7.1 Transmutations
 + Level 6.7 Air Magic
 + Level 7.7 Poison Magic
 - Level 5.8 Evocations


You had 7 spell levels left.
You knew the following spells:

 Your Spells              Type           Power      Damage    Failure   Level
a - Sting                 Tmut/Pois      100%       1d8       1%          1
b - Poisonous Vapours     Pois/Air       68%        N/A       1%          2
c - Mephitic Cloud        Conj/Pois/Air  32%        N/A       2%          3

Your spell library contained the following spells:

 Spells                   Type           Power      Damage    Failure   Level
 Freeze                   Ice            8%         1d3       13%         1
 Olgreb's Toxic Radiance  Pois           36%        N/A       5%          4
 Blade Hands              Tmut           17%        N/A       19%         5
 Irradiate                Conj/Tmut      15%        3d16      26%         5
 Gell's Gravitas          Tloc           2%         N/A       36%         3
 Portal Projectile        Hex/Tloc       4%         N/A       36%         3
 Teleport Other           Tloc           2%         N/A       36%         3
 Tukima's Dance           Hex            2%         N/A       36%         3
 Dragon Form              Tmut           17%        N/A       99%         7
 Dispersal                Tloc           1%         N/A       100%        6


Dungeon Overview and Level Annotations

Branches:
Dungeon (8/15)             Temple (1/1) D:5
   Lair: D:8-11

Altars:
Ashenzari
Cheibriados
Dithmenos
Elyvilon
Fedhas
Gozag
Hepliaklqana
Kikubaaqudgha
Makhleb
Nemelex Xobeh
Okawaru
Qazlal
Ru
Sif Muna
Trog
Uskayaw
Vehumet
Wu Jian
Xom
Yredelemnul
Zin
The Shining One

Shops:
D:2 ?   D:3 *

Annotations:
D:6 3 runed translucent doors, croobank's ghost, novice HuFE
D:7 4 runed translucent doors


Innate Abilities, Weirdness & Mutations

You can breathe bolts of dispelling energy.
Your rich purple scales are hard. (AC +7)
You cannot fit into any form of body armour.
You are cold-blooded and may be slowed by cold attacks.


Message History

Vehumet accepts your kill. Vehumet offers you knowledge of Freeze.
z - a scroll of identify You now have 465 gold pieces (gained 10).
You see here a +0 shortbow.
The two-headed ogre is no longer charmed.
Found a scroll labelled MUCESU QAENUZ.
What are your orders?
Orders for allies: a - Attack new target. r - Retreat! s - Stop attacking. g - Guard the area. f - Follow me.
Anything else - Cancel.
Guard this area!
Aiming: Charm
Press: ? - help, Shift-Dir - straight line, f - two-headed ogre
Aim: a two-headed ogre, wielding two +0 giant clubs (silenced, moderately wounded, chance to affect: 46%)
The two-headed ogre resists with some effort.
Aiming: Charm
Press: ? - help, Shift-Dir - straight line, f/p - two-headed ogre
Aim: a two-headed ogre, wielding two +0 giant clubs (silenced, moderately wounded, chance to affect: 46%)
The two-headed ogre resists with some effort.
The two-headed ogre closely misses you. The two-headed ogre barely misses you.
Aiming: Charm
Press: ? - help, Shift-Dir - straight line, f/p - two-headed ogre
Aim: a two-headed ogre, wielding two +0 giant clubs (silenced, moderately wounded, chance to affect: 46%)
The two-headed ogre resists with some effort.
The two-headed ogre misses you.
The two-headed ogre hits you with a +0 giant club!!
* * * LOW HITPOINT WARNING * * *
Unknown command.
Aiming: Charm
Press: ? - help, Shift-Dir - straight line, f/p - two-headed ogre
Aim: a two-headed ogre, wielding two +0 giant clubs (silenced, moderately wounded, chance to affect: 46%)
The two-headed ogre resists with some effort.
Aiming: Charm
Press: ? - help, Shift-Dir - straight line, f/p - two-headed ogre
Aim: a two-headed ogre, wielding two +0 giant clubs (silenced, moderately wounded, chance to affect: 46%)
The two-headed ogre resists with some effort.
The two-headed ogre hits you with a +0 giant club!!
You die...

..#####.....#..........
.........##..)..........
..####...###))..........
.O# .......).#.#........
..##.....#####.#........
).#......# ##).........
....#....####...........
..... .........O....$..
..... ..####.#.@.......
#....(......
..?...##.#..... .....#
.##.... ###.. .# #...
#.# .# .. #. .# . .+


You could see a two-headed ogre.

Vanquished Creatures
  A troll (D:7)
  A shadow (D:6)
  2 steam dragons
  An acid dragon (D:7)
  2 water moccasins
  An orc warrior (D:7)
  2 sky beasts (D:6)
  3 black bears
  3 ogres
  4 ice beasts
  4 centaurs
  A phantom (D:5)
  Blork the orc (D:4)
  A kobold brigand (D:7)
  8 bullfrogs
  4 scorpions
  2 necrophages
  A howler monkey (D:4)
  3 jellies
  5 orc priests
  A hound (D:6)
  Jessica (D:2)
  An iguana (D:6)
  Ijyb (D:3)
  3 orc wizards
  7 adders
  A shadow imp (D:5)
  2 ufetubi (D:7)
  17 orcs
  5 ball pythons
  8 endoplasms
  2 giant cockroaches
  7 goblins
  5 hobgoblins
  6 jackals (D:1)
  4 quokkas
  6 bats
  6 frilled lizards
  9 kobolds
  4 rats
146 creatures vanquished.

Vanquished Creatures (collateral kills)
  A black bear (D:8)
  A centaur (D:8)
  4 wights (D:8)
  An orc priest (D:8)
  3 kobolds (D:8)
10 creatures vanquished.

Vanquished Creatures (others)
  10 fungi (D:8)
  9 plants (D:8)
19 creatures vanquished.

Grand Total: 175 creatures vanquished

Notes
Turn   | Place    | Note
-------+----------+-------------------------------------------
     0 | D:1      | Sharkman1231 the Draconian Venom Mage began the quest for
                  | the Orb.
     0 | D:1      | Reached XP level 1. HP: 14/14 MP: 3/3
   276 | D:1      | You fall into a shaft and drop 1 floor!
   329 | D:2      | Found a faded altar of an unknown god.
   431 | D:1      | Reached XP level 2. HP: 16/20 MP: 0/5
   774 | D:1      | Learned a level 2 spell: Poisonous Vapours
  1227 | D:1      | Reached XP level 3. HP: 19/26 MP: 1/6
  1371 | D:2      | Noticed Jessica
  1380 | D:2      | Killed Jessica
  1381 | D:2      | Reached skill level 1 in Air Magic
  1821 | D:2      | Reached XP level 4. HP: 33/33 MP: 7/7
  2210 | D:2      | Found Amakhl Riwk's Magic Scroll Shop.
  2213 | D:2      | Bought a scroll of identify for 28 gold pieces
  2213 | D:2      | Bought a scroll of fog for 56 gold pieces
  2898 | D:3      | Noticed an ogre
  2915 | D:3      | Killed an ogre
  2916 | D:3      | Reached XP level 5. HP: 23/38 MP: 5/8
  3125 | D:3      | Found Nantap's General Store.
  3130 | D:3      | Bought a scroll of identify for 20 gold pieces
  3130 | D:3      | Bought a scroll of identify for 20 gold pieces
  3955 | D:3      | Found an opulent altar of Gozag.
  3957 | D:3      | Found a glowing golden altar of the Shining One.
  3963 | D:3      | Found a blossoming altar of Fedhas.
  3965 | D:3      | Found a basalt altar of Yredelemnul.
  3967 | D:3      | Found a hazy altar of Hepliaklqana.
  4029 | D:3      | Noticed Ijyb
  4039 | D:3      | Killed Ijyb
  4040 | D:3      | Reached XP level 6. HP: 43/45 MP: 7/9
  4221 | D:4      | Learned a level 3 spell: Mephitic Cloud
  4628 | D:4      | Reached skill level 1 in Conjurations
  4628 | D:4      | Reached skill level 5 in Poison Magic
  4628 | D:4      | Reached skill level 1 in Evocations
  4887 | D:4      | Noticed Blork the orc
  4916 | D:4      | Killed Blork the orc
  4917 | D:4      | Your scales start taking on a rich purple colour.
  4917 | D:4      | Reached XP level 7. HP: 42/50 MP: 2/10
  5418 | D:5      | Entered Level 5 of the Dungeon
  5935 | D:6      | Noticed a steam dragon
  5959 | D:6      | Killed a steam dragon
  5968 | D:6      | Reached XP level 8. HP: 11/57 MP: 2/11
  5978 | D:6      | Reached skill level 5 in Transmutations
  6333 | D:5      | Found a staircase to the Ecumenical Temple.
  6338 | Temple   | Entered the Ecumenical Temple
  6601 | Temple   | Became a worshipper of Vehumet
  7168 | D:6      | Found a runed translucent gate.
  7169 | D:6      | Found a runed translucent gate.
  7169 | D:6      | Found a runed translucent gate.
  7189 | D:6      | Noticed croobank's ghost (novice HuFE)
  7226 | D:6      | Reached skill level 5 in Air Magic
  7818 | D:5      | Reached XP level 9. HP: 60/62 MP: 12/12
  8849 | D:7      | Reached skill level 5 in Evocations
  8855 | D:7      | Identified the +1 spear "Tirhi" {venom, Fragile rPois
                  | Will++ Stlth+}
  9160 | D:7      | Reached * piety under Vehumet
  9160 | D:7      | Offered knowledge of Foxfire by Vehumet.
  9321 | D:7      | Found a large runed translucent door.
  9323 | D:7      | Found a large runed translucent door.
  9343 | D:7      | Noticed a cyclops
  9343 | D:7      | Noticed a deep elf pyromancer
  9352 | D:7      | Noticed a troll
  9354 | D:7      | Found a large runed translucent door.
  9354 | D:7      | Found a large runed translucent door.
  9374 | D:7      | Killed a troll
  9738 | D:7      | Identified the +1 scale mail of the Fife {Int+8}
  9908 | D:7      | Reached skill level 5 in Conjurations
 11078 | D:8      | Reached XP level 10. HP: 69/69 MP: 13/13
 11105 | D:8      | Noticed a two-headed ogre
 11141 | D:8      | Reached ** piety under Vehumet
 11142 | D:8      | Reached skill level 1 in Unarmed Combat
 11143 | D:8      | Offered knowledge of Freeze by Vehumet.
 11154 | D:8      | Mangled by a two-headed ogre

Illustrated notes

Levels and vault maps discovered:
D:1:      amcnicky_arrival_double_pillar, layout_rooms
D:2:      cheibrodos_helix_gallery, layout_basic, serial_shops,
          nicolae_shop_behind_doors, ebering_ecumenical_altar_box,
          minmay_misc_feat_diagonals, uniq_jessica
D:3:      layout_basic, minitemple, serial_shops, shop, uniq_ijyb
D:4:      layout_basic, chequers_serial_rivers_large_a, uniq_blork_the_orc
D:5:      layout_basic, minmay_temple_entry_from_below_a
D:6:      layout_cave_pools, ebering_ghost_rock_garden
D:7:      layout_basic, minmay_hollow_rounded_squares
D:8:      layout_rooms, grunt_lair_entry_orc_guard_hut,
          gup_ossuary_entry_pyramid
Temple:   nicolae_temple_bog_church

Skill      XL: |  1  2  3  4  5  6  7  8  9 10 |
---------------+-------------------------------+-----
Transmutations | 2 3 4 5 6 7 |  7.1
Air Magic      | 1 2 3 4 5 6 |  6.7
Poison Magic   | 4 5 6 7 |  7.7
Conjurations   | 1 2 4 5 |  5.7
Evocations     | 1 3 4 5 |  5.8
Dodging        | 2 |  2.7
Unarmed Combat | 1 |  1.0
Stealth        | |  1.7
Spellcasting   | |  2.4

Action                   |  1- 3 |  4- 6 |  7- 9 | 10-12 || total
-------------------------+-------+-------+-------+-------++-------
Melee: Unarmed           |    67 |       |       |       ||    67
       Tailslap          |     9 |    14 |    43 |     1 ||    67
       Dagger            |     7 |   103 |   311 |    14 ||   435
       Punch             |       |       |     5 |     2 ||     7
 Cast: Sting             |    46 |     9 |     2 |       ||    57
       Poisonous Vapours |       |    20 |    13 |       ||    33
       Mephitic Cloud    |       |       |    14 |     1 ||    15
 Abil: Breathe Dispellin |       |       |     9 |       ||     9
Evoke: Wand              |       |     3 |    20 |     8 ||    31
  Use: Potion            |     1 |     1 |     6 |       ||     8
       Scroll            |       |     8 |     6 |     1 ||    15
 Stab: Sleeping          |     1 |     4 |     4 |       ||     9
       Distracted        |       |     1 |       |       ||     1
       Confused          |       |       |     5 |       ||     5
Armor: Skin              |    40 |    49 |   286 |    12 ||   387
Dodge: Dodged            |    86 |    61 |   224 |    15 ||   386
